 Dungeon Crawl Stone Soup version 0.26-a0-849-gf1512cd430 (webtiles) character file.

Game seed: 3384703388441412999

737425 Morbidden the Cloud Mage (level 27, -1/215 HPs)
             Began as a Demonspawn Fighter on Nov 18, 2020.
             Was the Champion of Cheibriados.
             Killed from afar by a Brimstone Fiend (32 damage)
             ... with damnation
             ... created by the effects of Hell
             ... on level 6 of Gehenna on Nov 20, 2020.
             The game lasted 02:49:38 (86008 turns).

Morbidden the Cloud Mage (Demonspawn Fighter)      Turns: 86008, Time: 02:49:39

Health: -1/215     AC: 38    Str: 31    XL:     27
Magic:  48/48      EV: 20    Int: 40    God:    Cheibriados [******]
Gold:   7856       SH: 20    Dex: 34    Spells: 47/68 levels left

rFire    + + +     SeeInvis +   b - +9 demon blade (elec)
rCold    + + +     Faith    .   V - +2 shield of Resistance {rF++ rC++ MR++}
rNeg     + . .     Spirit   .   A - +12 gold dragon scales
rPois    +         Reflect  .   q - +1 helmet
rElec    .         Harm     .   I - +2 cloak
rCorr    .         Rampage  .   Q - +2 pair of gloves {archery}
MR       +++++                  (boots unavailable)
Stlth    ..........             G - amulet "Qaclithy" {RegenMP *Slow MR++ Dex+6}
HPRegen  0.45/turn              O - ring of Psychosis {rF+ Str-4 Int+6 Slay+5 SInv}
MPRegen  0.56/turn              t - +4 ring of slaying

@: studying Throwing, very slow
A: talons 3, rugged brown scales 3, clever 1, clumsy 1, deformed body, demonic
guardian 3, fire resistance 1, frail 1, ignite blood, negative energy resistance
1, sense surroundings 1, shaggy fur 1, 50% torment resistance, black mark, flame
cloud immunity
}: 4/15 runes: decaying, serpentine, silver, abyssal
a: Bend Time, Temporal Distortion, Slouch, Step From Time, Renounce Religion


You were on level 6 of Gehenna.
You worshipped Cheibriados.
Cheibriados was exalted by your worship.
You visited 12 branches of the dungeon, and saw 59 of its levels.
You visited the Abyss 1 time.
You also visited: Sewer, Bailey and Gauntlet.

You collected 11383 gold pieces.
You spent 3527 gold pieces at shops.

Inventory:

Hand Weapons
 a - the +9 sword of Zonguldrok {reap}
   (You acquired it on level 1 of the Vaults)

   If a monster killed with it leaves a corpse in good enough shape, the corpse
   will be animated as a zombie friendly to the killer.
 b - a +9 demon blade of electrocution (weapon)
 z - a +5 double sword of electrocution
Missiles
 c - 11 silver javelins
 n - 170 poisoned darts
 E - 55 boomerangs (quivered)
 J - 23 curare-tipped darts
 K - 34 javelins
Armour
 j - +0 swamp dragon scales
 q - a +1 helmet (worn)
 A - +12 gold dragon scales (worn)
 I - a +2 cloak (worn)
 Q - a +2 pair of gloves of archery (worn)
 V - the +2 shield of Resistance (worn) {rF++ rC++ MR++}
   (You found it in a Gauntlet)

   It greatly protects you from fire.
   It greatly protects you from cold.
   It affects your resistance to hostile enchantments.
Jewellery
 t - a +4 ring of slaying (right hand)
 G - the amulet "Qaclithy" (around neck) {RegenMP *Slow MR++ Dex+6}
   (You found it on level 8 of the Dungeon)

   [amulet of magic regeneration]

   It increases your magic regeneration.
   It affects your dexterity (+6).
   It affects your resistance to hostile enchantments.
   It may slow you when you take damage.
 O - the ring of Psychosis (left hand) {rF+ Str-4 Int+6 Slay+5 SInv}
   (You found it on level 1 of the Vaults)

   [ring of intelligence]

   It affects your strength (-4).
   It affects your intelligence (+6).
   It affects your accuracy and damage with ranged weapons and melee attacks
   (+5).
   It protects you from fire.
   It lets you see invisible.
 U - the ring "Festruri" {*Drain rElec Dex+8 Slay-2 SInv}
   (You found it in a Gauntlet)

   [ring of see invisible]

   It affects your dexterity (+8).
   It affects your accuracy and damage with ranged weapons and melee attacks
   (-2).
   It insulates you from electricity.
   It lets you see invisible.
   It causes draining when unequipped.
 W - the ring of Darkness {+Inv rCorr Int-2 Dex+10}
   (You found it in a Gauntlet)

   [ring of resist corrosion]

   It affects your intelligence (-2).
   It affects your dexterity (+10).
   It lets you turn invisible.
   It provides partial protection from all sources of acid and corrosion.
Wands
 s - a wand of digging (13)
 x - a wand of iceblast (66)
 B - a wand of disintegration (43)
 P - a wand of paralysis (62)
 R - a wand of flame (90)
Scrolls
 e - 8 scrolls of fear
 f - 4 scrolls of enchant armour
 i - 34 scrolls of remove curse
 k - 20 scrolls of teleportation
 l - 2 scrolls of blinking
 o - 10 scrolls of amnesia
 u - 2 scrolls of silence
 v - 7 scrolls of magic mapping
 y - 5 scrolls of immolation
 C - 6 scrolls of fog
 N - 3 scrolls of brand weapon
 S - 9 scrolls of identify
Potions
 d - 7 potions of might
 h - 6 potions of invisibility
 m - 26 potions of curing
 p - 9 potions of brilliance
 r - 3 potions of resistance
 w - 14 potions of lignification
 D - 3 potions of magic
 F - 9 potions of attraction
 L - 10 potions of flight
 M - 4 potions of mutation
 T - 5 potions of cancellation
 X - 8 potions of heal wounds
Books
 H - a manual of Throwing
Miscellaneous
 g - a phantom mirror
 Y - a tin of tremorstones (2/2)
 Z - a condenser vane


   Skills:
 + Level 19.2 Fighting
 + Level 16.9 Long Blades
 + Level 9.3 Throwing
 + Level 11.9 Armour
 + Level 15.1 Dodging
 + Level 9.4 Stealth
 + Level 18.2 Shields
 * Level 21.4 Spellcasting
 + Level 0.5 Conjurations
 - Level 11.6 Transmutations
 * Level 21.6 Air Magic
 - Level 12.5 Invocations
 + Level 2.5 Evocations


You had 47 spell levels left.
You knew the following spells:

 Your Spells              Type           Power        Failure   Level
a - Airstrike             Air            ########..   0%          4
b - Blade Hands           Tmut           #######...   2%          5
c - Tornado               Air            ########..   83%         9
z - Static Discharge      Conj/Air       #######.     1%          3

Your spell library contained the following spells:

 Spells                   Type           Power        Failure   Level
 Swiftness                Air            ########     0%          2
 Beastly Appendage        Tmut           ######       1%          1
 Shock                    Conj/Air       ####         1%          1
 Sting                    Tmut/Pois      ####         1%          1
 Corpse Rot               Necr/Air       N/A          1%          2
 Poisonous Vapours        Pois/Air       ######       1%          2
 Wereblood                Tmut           #######.     1%          2
 Mephitic Cloud           Conj/Pois/Air  #######.     1%          3
 Summon Lightning Spire   Summ/Air       #######.     1%          4
 Spider Form              Tmut/Pois      ######....   3%          3
 Lightning Bolt           Conj/Air       #######...   3%          5
 Silence                  Hex/Air        #######...   3%          5
 Ignite Poison            Fire/Tmut/Pois ######..     6%          3
 Magic Dart               Conj           ####         9%          1
 Foxfire                  Conj/Fire      ####         10%         1
 Ice Form                 Ice/Tmut       ######..     10%         4
 Animate Skeleton         Necr           #####.       11%         1
 Apportation              Tloc           #####.       11%         1
 Corona                   Hex            #####..      11%         1
 Freeze                   Ice            ####         11%         1
 Pain                     Necr           ####         11%         1
 Summon Small Mammal      Summ           ####         11%         1
 Searing Ray              Conj           #####.       13%         2
 Blink                    Tloc           N/A          16%         2
 Call Imp                 Summ           #####...     16%         2
 Ensorcelled Hibernation  Hex/Ice        #####.       16%         2
 Slow                     Hex            #####...     16%         2
 Sublimation of Blood     Necr           #####.....   16%         2
 Conjure Ball Lightning   Conj/Air       #######...   17%         6
 Conjure Flame            Conj/Fire      #####...     28%         3
 Dazzling Flash           Conj/Hex       #####.       28%         3
 Call Canine Familiar     Summ           #####...     30%         3
 Confusing Touch          Hex            #####...     30%         3
 Frozen Ramparts          Ice            #####.       30%         3
 Gell's Gravitas          Tloc           #####.....   30%         3
 Inner Flame              Hex/Fire       #####...     30%         3
 Ozocubu's Armour         Ice            #####...     30%         3
 Portal Projectile        Hex/Tloc       #####.       30%         3
 Summon Guardian Golem    Hex/Summ       #####...     30%         3
 Tukima's Dance           Hex            #####...     30%         3
 Vampiric Draining        Necr           #####.....   30%         3
 Dragon Form              Tmut           #######...   58%         7
 Freezing Cloud           Conj/Ice/Air   #######...   61%         6
 Fulminant Prism          Conj/Hex       #####.....   67%         4
 Hailstorm                Conj/Ice       #####...     67%         4
 Iskenderun's Mystic Bla  Conj/Tloc      #####...     67%         4
 Sticky Flame             Conj/Fire      #####...     67%         4
 Animate Dead             Necr           #####.....   71%         4
 Cause Fear               Hex            #####.....   71%         4
 Dispel Undead            Necr           #####...     71%         4
 Olgreb's Toxic Radiance  Pois           #####...     71%         4
 Passage of Golubria      Tloc           N/A          71%         4
 Summon Ice Beast         Ice/Summ       #####...     71%         4
 Eringya's Noxious Bog    Tmut/Pois      ######....   83%         6
 Fireball                 Conj/Fire      #####.....   95%         5
 Agony                    Necr           #####...     96%         5
 Borgnjor's Vile Clutch   Necr/Erth      #####.....   96%         5
 Summon Demon             Summ           #####.....   96%         5
 Summon Forest            Summ/Tloc      #####.....   96%         5
 Summon Mana Viper        Hex/Summ       #####...     96%         5
 Death Channel            Necr           #####.....   100%        6
 Dispersal                Tloc           #####.....   100%        6
 Shadow Creatures         Summ           N/A          100%        6
 Simulacrum               Ice/Necr       #####.....   100%        6
 Starburst                Conj/Fire      #####.....   100%        6
 Haunt                    Necr/Summ      #####.....   100%        7
 Summon Hydra             Summ           #####.....   100%        7
 Borgnjor's Revivificati  Necr           #####.....   100%        8
 Disjunction              Tloc           #####.....   100%        8
 Ignition                 Fire           #####.....   100%        8
 Infestation              Necr           #####.....   100%        8
 Necromutation            Tmut/Necr      ######....   100%        8
 Death's Door             Necr           #####.....   100%        9
 Dragon's Call            Summ           #####.....   100%        9
 Shatter                  Erth           #####.....   100%        9


Dungeon Overview and Level Annotations

Branches:
Dungeon (15/15)            Temple (0/1) D:4            Lair (6/6) D:10
  Swamp (4/4) Lair:3        Snake (4/4) Lair:3        Slime (0/5) Lair:6
    Orc (2/2) D:12            Elf (3/3) Orc:2        Vaults (5/5) D:14
  Crypt (3/3) Vaults:3       Tomb (0/3) Crypt:3      Depths (5/5) D:15
   Hell (visited)             Dis (0/7) Hell            Geh (6/7) Hell
    Coc (0/7) Hell            Tar (0/7) Hell            Zot (5/5) Depths:5
  Sewer (visited)          Bailey (visited)         Gauntlet (visited)

Altars:
Ashenzari
Cheibriados
Fedhas
Gozag
Hepliaklqana
Kikubaaqudgha
Makhleb
Nemelex Xobeh
Sif Muna
Vehumet
Xom
Yredelemnul
The Shining One
Beogh
Jiyva
Lugonu

Shops:
D:4 ((!   D:14 [   Orc:2 !?(:   Elf:1 !}   Elf:2 *   Elf:3 *   Snake:1 ::**
Snake:2 [   Snake:3 =}=   Depths:2 !

Portals:
Hell: Depths:1 Depths:2 Depths:3 Depths:4 Depths:5
Abyss: Depths:2 Depths:4
Pandemonium: Orc:2 Depths:3 Depths:4 Depths:5
Ziggurat: Depths:3

Annotations:
D:5 2 transporters, blobbo's ghost, novice GnTm
D:10 exclusion: hydra
D:14 Roxanne
Lair:4 1 runed translucent door, Mexzic's ghost, journeyman TeCj
Elf:2 3 runed translucent doors, Vohiat's ghost, adept DsIE
Zot:5 5 exclusions


Innate Abilities, Weirdness & Mutations

You have claws for feet.
You are completely covered in rugged brown scales. (AC +3, +7% HP)
A powerful demonic guardian rushes to your aid.
Your flesh is heat resistant. (rF+)
Your demonic aura causes spilled blood to erupt in flames.
You resist negative energy. (rN+)
You are somewhat able to resist unholy torments (1 in 2 success).
Your melee attacks may debilitate your foes.
You are immune to clouds of flame.
Your mind is acute. (Int +2)
You are clumsy. (Dex -2)
Armour fits poorly on your strangely shaped body.
You are frail. (-10% HP)
You passively map a small area around you.
You are covered in fur. (AC +1)


Message History

You slash the iron golem!
You destroy the iron golem!
Cheibriados appreciates the change of pace.
Unknown command.
You hit the wraith but do no damage. Your kick misses the wraith.
The wraith completely misses you.
You slice the wraith!!
You destroy the wraith!
Cheibriados thoroughly appreciates the change of pace.
You start resting. "You will not leave this place."
A Brimstone Fiend comes into view.
You slice the Brimstone Fiend!! Your kick misses the Brimstone Fiend.
The Brimstone Fiend is lightly wounded.
Unknown command.
You slice the Brimstone Fiend!! You claw the Brimstone Fiend.
The Brimstone Fiend is moderately wounded.
The Brimstone Fiend gestures at you.
The sphere of damnation explodes!
The damnation engulfs you!!
You die...

*
...............#
, ,
....^.......... ,
##.............
*#..............
, , ,
,#.......).....≈○
≈ ,
#.≈..∩......§§≈ ,
,
,*#≈...#+#.....≈§
≈
#..≈.##1##.....§
*
#....##.@.##.#...
≈ .....+...^.###
#. , .... ##...##
* , , ,, .§≈,
*##.## , , ...
### , * * * * , *


You could see a Brimstone Fiend.

Vanquished Creatures
  2 orbs of fire (Zot:5)
  4 ancient liches
  2 juggernauts
  Sojobo (Vaults:5)
  Saint Roka (Depths:3)
  2 caustic shrikes
  Xtahua (Vaults:3)
  3 curse toes
  Geryon (Hell)
  Nikola (Snake:2)
  7 golden dragons
  Jory (Depths:3)
  6 Brimstone Fiends
  The ghost of Zawski the Warrior, an adept HOBe of Trog (Elf:3)
  7 liches
  The ghost of Qeott the Genius of the Arcane, an adept GnCj of Sif Muna (Vaults:1)
  An electric golem (Zot:5)
  Rupert (D:14)
  24 tentacled monstrosities
  6 Orb Guardians (Zot:5)
  3 deep elf blademasters
  The ghost of Erghig the Lord of Darkness, an adept DrIE of Kikubaaqudgha (Vaults:1)
  7 quicksilver dragons
  2 deep elf master archers (Elf:3)
  Asterion (Elf:3)
  9 titans
  9 death cobs
  5 sphinxes
  14 storm dragons
  A storm dragon (shapeshifter) (Vaults:3)
  Kirke (Lair:5)
  7 ancient champions (Crypt:3)
  5 shadow dragons
  5 revenants
  3 draconian monks
  16 tengu reavers
  Donald (Orc:2)
  11 nagarajas
  3 azure jellies (Lair:6)
  13 fire giants
  3 deep elf sorcerers
  3 draconian knights
  2 balrugs
  13 vault wardens
  4 draconian shifters
  3 ghost moths
  A cacodemon (Hell)
  16 frost giants
  4 draconian stormcallers
  An orc warlord (Vaults:5)
  6 deep elf elementalists
  5 curse skulls
  5 draconian scorchers
  10 ghouls
  13 ironheart preservers
  Aizul (Snake:2)
  2 war gargoyles
  A spriggan defender (Depths:5)
  4 draconian annihilators
  8 reapers
  7 vampire knights
  A caustic shrike skeleton (Crypt:2)
  16 stone giants
  24 very ugly things
  10 purple draconians
  An entropy weaver (shapeshifter) (Vaults:5)
  7 white draconians
  10 deep elf demonologists
  7 black draconians
  4 bunyips
  A minotaur (Gauntlet)
  7 spark wasps
  9 deep elf annihilators
  7 green draconians
  8 red draconians
  Azrael (D:14)
  9 yellow draconians
  A crystal guardian (Vaults:4)
  19 ettins
  A blizzard demon (Depths:4)
  An ettin (shapeshifter) (Depths:2)
  Snorg (D:11)
  6 eleionomae
  16 deep elf death magi
  A quicksilver dragon zombie (Geh:3)
  9 fire dragons
  3 deep elf high priests
  3 eidola
  3 mummy priests (Crypt:3)
  5 great orbs of eyes
  8 jiangshi
  A fire dragon (shapeshifter) (Depths:2)
  23 yaktaur captains
  The ghost of SyRaX the Cleaver, a journeyman MiBe of Trog (Orc:2)
  2 quicksilver dragon skeletons
  Erolcha (D:11)
  A hell beast (Gauntlet)
  14 naga warriors
  16 hydras
  7 boulder beetles
  Harold (Lair:1)
  A boulder beetle (shapeshifter) (Depths:2)
  13 centaur warriors
  A catoblepas (Gauntlet)
  8 ice dragons
  A ghost crab (Swamp:2)
  18 anacondas
  29 vault guards
  12 ogre magi
  5 death knights
  4 merfolk avatars
  7 spriggan air magi
  27 dancing weapons
  An anaconda (shapeshifter) (Vaults:5)
  23 two-headed ogres
  5 alligators
  8 deep troll shamans
  A queen ant (Lair:2)
  3 vampire magi
  15 death yaks
  5 tengu warriors
  17 deep troll earth magi
  4 orc high priests (Orc:2)
  4 spriggan berserkers
  5 shock serpents
  5 hell hogs
  7 soul eaters
  18 deep elf knights
  A titan zombie (Crypt:2)
  The ghost of Glokmah the Zephyrmancer, a novice TeAE of Vehumet (D:8)
  2 iron golems
  4 sun demons
  A storm dragon zombie (Geh:1)
  A wretched star (Abyss:4)
  4 iron trolls
  7 spriggans
  5 goliath frogs
  A sixfirhy (Hell)
  Sonja (Lair:5)
  3 storm dragon skeletons
  3 shadow wraiths
  5 salamander mystics
  42 hell knights
  7 titan skeletons
  12 naga sharpshooters
  17 skeletal warriors
  6 spriggan druids
  5 sea snakes
  A death drake (shapeshifter) (Depths:5)
  2 golden dragon zombies (Hell)
  5 unseen horrors
  3 anaconda zombies
  4 wizards
  2 torturous demonspawn (Orc:2)
  10 flayed ghosts
  13 naga ritualists
  8 bog bodies
  A gelid demonspawn (Orc:2)
  3 glowing orange brains
  A shadow dragon zombie (Geh:4)
  21 deep elf archers
  A lindwurm (Lair:5)
  11 swamp dragons
  16 orc knights
  15 ironbrand convokers
  8 phantasmal warriors
  17 harpies
  51 deep trolls
  72 ugly things
  An oklob plant (Lair:3)
  7 large abominations
  2 manticores (D:15)
  An obsidian statue (Elf:3)
  17 necromancers
  A shining eye (shapeshifter) (Vaults:5)
  2 frost giant zombies
  18 mana vipers
  A shadow dragon skeleton (Geh:2)
  80 deep elf magi
  6 fire giant zombies
  4 iron dragon zombies
  2 stone giant zombies
  12 orc sorcerers
  4 cyclopes
  18 salamanders
  A rust devil (Geh:2)
  An elephant (shapeshifter) (Vaults:4)
  A centaur zombie (D:14)
  26 moths of wrath
  37 slime creatures
  2 wolf spiders (Vaults:2)
  2 will-o-the-wisps
  9 elephants (Lair:6)
  An iron dragon skeleton (Geh:4)
  3 gargoyles
  A dire elephant zombie (Geh:2)
  4 stone giant skeletons
  A frost giant skeleton (Geh:2)
  14 guardian serpents (Snake:4)
  23 naga magi
  A molten gargoyle (Geh:6)
  19 vault sentinels
  49 black mambas
  A black mamba (shapeshifter) (D:14)
  4 fire giant skeletons
  3 smoke demons
  A water nymph (shapeshifter) (Vaults:1)
  A human skeleton (Vaults:5)
  A shock serpent zombie (Crypt:1)
  2 torpor snails (Lair:6)
  3 spriggan zombies (Hell)
  2 cane toads (shapeshifter)
  A minotaur zombie (Crypt:2)
  19 cane toads
  3 yaktaur zombies
  7 hellions
  66 yaktaurs
  An orange demon (Hell)
  2 efreet (Geh:2)
  14 komodo dragons
  7 freezing wraiths
  10 rime drakes
  6 ice devils (Hell)
  3 tormentors
  A yaktaur (shapeshifter) (Vaults:5)
  8 tengu conjurers
  A catoblepas skeleton (Geh:3)
  2 hydra zombies
  An ancient zyme (Abyss:4)
  A pale draconian skeleton (Crypt:1)
  An anaconda simulacrum (Hell)
  A queen ant zombie (Crypt:2)
  A demonic crawler (Hell)
  3 hellwings
  9 trolls
  9 guardian mummies (Crypt:3)
  8 red devils
  A silent spectre (Abyss:3)
  A wind drake (Lair:6)
  2 bloated husks
  7 polar bears
  A hornet (shapeshifter) (Depths:2)
  A wolf spider simulacrum (Vaults:1)
  A jumping spider (shapeshifter) (Depths:2)
  8 hornets
  A harpy skeleton (Hell)
  4 tyrant leeches
  A meliai zombie (D:12)
  8 blink frogs
  2 alligator zombies
  A dream sheep (shapeshifter) (Depths:2)
  A polar bear (shapeshifter) (Depths:5)
  9 dream sheep
  4 ice dragon zombies
  2 ettin zombies
  4 fire dragon zombies
  2 hydra skeletons
  48 flying skulls
  An elf zombie (Hell)
  3 air elementals
  7 hogs (Lair:5)
  9 shadows
  3 alligator skeletons
  A shock serpent simulacrum (Crypt:3)
  A wind drake zombie (Crypt:2)
  2 ettin skeletons
  An ice dragon skeleton (Geh:3)
  3 fire dragon skeletons
  16 wraiths
  2 black mamba skeletons
  31 fire elementals
  An orc simulacrum (Vaults:3)
  5 water elementals
  14 wyverns
  A ynoxinul (Abyss:4)
  50 yaks
  4 ushabtiu (Crypt:3)
  A human (shapeshifter) (D:15)
  11 basilisks
  A human simulacrum (Vaults:4)
  3 fire bats (Gauntlet)
  3 neqoxecs
  2 steam dragons
  Edmund (D:6)
  2 chaos spawn
  7 soldier ants
  56 nagas
  A deep troll zombie (Vaults:4)
  4 vampire mosquitoes (Swamp:1)
  A swamp worm (shapeshifter) (Depths:3)
  A soldier ant (shapeshifter) (Depths:4)
  4 wargs
  21 swamp worms
  3 cane toad zombies
  2 small abominations (Abyss:3)
  A deep troll skeleton (Vaults:5)
  A floating eye (shapeshifter) (Vaults:4)
  32 hell hounds
  4 acid dragons
  2 floating eyes
  A water moccasin (shapeshifter) (D:15)
  25 water moccasins
  8 swamp drakes
  A cane toad skeleton (Hell)
  4 phantoms
  2 manticore zombies
  5 ice beasts
  A sky beast (D:10)
  A black bear (shapeshifter) (Depths:4)
  5 black bears
  64 orc warriors
  6 necrophages
  43 ogres
  3 snapping turtle zombies
  9 boggarts
  2 eyes of draining
  A dream sheep zombie (Crypt:2)
  7 wolves
  A snapping turtle skeleton (Crypt:1)
  24 centaurs
  A manticore skeleton (Geh:1)
  A swamp dragon skeleton (Crypt:3)
  Blork the orc (D:7)
  A big kobold (D:7)
  A palentonga zombie (Crypt:1)
  An elf skeleton (Crypt:1)
  26 bullfrogs
  A wyvern skeleton (D:11)
  2 earth elementals
  A warg zombie (Crypt:1)
  3 scorpions
  52 killer bees
  48 wights
  11 electric eels
  5 howler monkeys
  3 bullfrog zombies (D:5)
  7 crimson imps
  2 human zombies
  3 quasits
  11 hounds
  8 jellies
  A wyvern simulacrum (D:14)
  2 bullfrog skeletons
  6 centaur skeletons
  A gnoll shaman (D:3)
  35 orc priests
  19 orc wizards
  7 iguanas
  An iron imp (Depths:4)
  A demonspawn skeleton (Crypt:1)
  35 worker ants
  10 hell rats
  A deep dwarf zombie (Crypt:3)
  An ogre skeleton (Geh:6)
  A hound zombie (D:5)
  A tengu skeleton (Crypt:3)
  A howler monkey zombie (D:5)
  3 worker ant zombies (D:5)
  10 gnolls
  15 adders
  A steam dragon skeleton (Crypt:1)
  4 white imps
  3 ufetubi
  2 oozes
  2 adder skeletons
  4 worms
  A worm (shapeshifter) (Vaults:5)
  A barachi skeleton (Crypt:3)
  A barachi zombie (Crypt:3)
  4 dart slugs
  2 leopard geckos
  114 orcs
  12 bats
  6 giant cockroaches
  23 goblins
  7 hobgoblins
  8 jackals
  15 kobolds
  3 quokkas
  A ball python (D:7)
  A dart slug zombie (Crypt:3)
  7 frilled lizards
  A hobgoblin zombie (Crypt:1)
  A jackal skeleton (D:5)
  A kobold zombie (Crypt:1)
  3 leopard gecko skeletons
  A quokka skeleton (D:5)
  A quokka zombie (Crypt:1)
  4 rats
  2 fire vortices (Elf:2)
2999 creatures vanquished.

Vanquished Creatures (collateral kills)
  An orb of fire (Zot:5)
  An ancient lich (Zot:5)
  A juggernaut (Depths:4)
  the Lernaean hydra (Swamp:4)
  A Killer Klown (Zot:3)
  A golden dragon (Depths:3)
  A tentacled monstrosity (Zot:3)
  2 Orb Guardians (Zot:5)
  A lich (Vaults:5)
  A quicksilver dragon (Zot:3)
  A shadow dragon (Vaults:5)
  2 fire giants
  2 deep elf elementalists
  A spriggan defender (Depths:5)
  2 ironheart preservers
  3 very ugly things (Depths:5)
  A yaktaur captain (Vaults:5)
  A deep elf high priest (Depths:3)
  4 hydras
  2 ice dragons
  2 vault guards
  A death knight (Vaults:5)
  2 two-headed ogres (Depths:1)
  A deep troll earth mage (Depths:1)
  A deep elf knight (Elf:3)
  3 hell knights
  A shadow wraith (Crypt:3)
  A deep elf archer (Elf:3)
  2 ironbrand convokers
  A wizard (Depths:1)
  A swamp dragon (Swamp:4)
  A necromancer (Crypt:1)
  A stone giant zombie (Hell)
  3 ugly things (Vaults:2)
  2 deep elf magi
  A moth of wrath (Zot:3)
  A salamander (Depths:4)
  A naga mage (Snake:2)
  An elephant (Lair:6)
  Joseph (D:7)
  An ice devil (Hell)
  A troll (Orc:1)
  2 hornets (Depths:5)
  Grinder (D:6)
  A slime creature (D:15)
  2 spriggans (Depths:5)
  A flying skull (Geh:2)
  A tengu zombie (Hell)
  A hell hound (Hell)
  2 water moccasins
  A phantom (D:12)
  An ogre (Vaults:3)
  2 centaurs
  A scorpion (D:4)
  A killer bee (D:8)
  An orc priest (D:9)
  An orc wizard (D:4)
  A worker ant (D:8)
  A killer bee zombie (D:3)
  A white imp (D:5)
  6 orcs
  A giant cockroach (D:5)
  A goblin (D:8)
  A giant cockroach zombie (D:5)
  A quokka zombie (D:5)
  A rat (D:3)
93 creatures vanquished.

Vanquished Creatures (others)
  Mara (Elf:3)
  A fire giant (Depths:3)
  A draconian scorcher (Zot:2)
  An eleionoma (Swamp:2)
  A shadow wraith (Crypt:3)
  A hornet (Swamp:3)
  2 bloated husks
  A shadow (Geh:6)
  2 vampire mosquitoes (Swamp:1)
  A centaur (Depths:2)
  A cane toad simulacrum (Hell)
  2 orcs (Bailey)
  24 demonic plants (Gauntlet)
  4 foxfires
  50 fungi
  122 plants
215 creatures vanquished.

Grand Total: 3307 creatures vanquished

Notes
Turn   | Place    | Note
-------+----------+-------------------------------------------
     0 | D:1      | Morbidden the Demonspawn Fighter began the quest for the
                  | Orb.
     0 | D:1      | Reached XP level 1. HP: 18/18 MP: 1/1
   244 | D:1      | Gained mutation: A weak demonic guardian rushes to your
                  | aid. [demonic ancestry]
   244 | D:1      | Reached XP level 2. HP: 16/24 MP: 2/2
   670 | D:1      | Reached XP level 3. HP: 11/29 MP: 3/3
  2123 | D:3      | Reached XP level 4. HP: 33/35 MP: 4/4
  2312 | D:3      | Found a glowing drain.
  2323 | Sewer    | Entered a sewer
  2452 | Sewer    | Noticed a water moccasin
  2462 | Sewer    | Killed a water moccasin
  2463 | Sewer    | Reached skill level 1 in Dodging
  2463 | Sewer    | Gained mutation: You have sharp toenails. [demonic
                  | ancestry]
  2463 | Sewer    | Reached XP level 5. HP: 37/41 MP: 5/5
  3323 | D:4      | Found a sparkling altar of Nemelex Xobeh.
  3336 | D:4      | Reached XP level 6. HP: 42/47 MP: 6/6
  3373 | D:4      | Found Ytraub's Distillery.
  3810 | D:4      | Found a snail-covered altar of Cheibriados.
  3823 | D:4      | Became a worshipper of Cheibriados the Contemplative
  3842 | D:4      | Found Ykeakawk's Weapon Shop.
  3871 | D:4      | Found a staircase to the Ecumenical Temple.
  4107 | D:4      | Found Fehumojo's Antique Weapon Shop.
  4113 | D:4      | Bought a warped broad axe for 207 gold pieces
  4113 | D:4      | Identified the +4 broad axe of the Firefly {vorpal, rF+
                  | Str-3 Int+5} (You bought it in a shop on level 4 of the
                  | Dungeon)
  4178 | D:4      | Reached skill level 1 in Invocations
  4178 | D:4      | Gained mutation: You are partially covered in rugged brown
                  | scales. (AC +1, +3% HP) [demonic ancestry]
  4178 | D:4      | Reached XP level 7. HP: 42/54 MP: 6/8
  4245 | D:4      | Found a snail-covered altar of Cheibriados.
  4271 | D:4      | Found a burning altar of Makhleb.
  4271 | D:4      | Noticed a balrug
  4319 | D:4      | Found a broken altar of Ashenzari.
  4550 | D:5      | Entered Level 5 of the Dungeon
  4845 | D:5      | Reached * piety under Cheibriados
  5137 | D:5      | Found a transporter.
  5137 | D:5      | Found a transporter.
  5138 | D:5      | Noticed blobbo's ghost (novice GnTm)
  5525 | D:5      | Gained mutation: You are mostly covered in rugged brown
                  | scales. (AC +2, +5% HP) [demonic ancestry]
  5525 | D:5      | Reached XP level 8. HP: 55/63 MP: 10/10
  5804 | D:5      | Reached skill level 5 in Long Blades
  6147 | D:5      | Reached skill level 5 in Armour
  6391 | D:6      | Reached skill level 5 in Shields
  6544 | D:6      | Noticed Grinder
  6546 | D:6      | Paralysed by Grinder for 4 turns
  6553 | D:6      | Killed Grinder
  6557 | D:6      | Reached ** piety under Cheibriados
  6936 | D:6      | Noticed Edmund
  6944 | D:6      | Killed Edmund
  6965 | D:6      | Found a blossoming altar of Fedhas.
  7942 | D:7      | Reached skill level 5 in Invocations
  7942 | D:7      | Gained mutation: Your flesh is heat resistant. (rF+)
                  | [demonic ancestry]
  7942 | D:7      | Reached XP level 9. HP: 69/69 MP: 12/12
  7999 | D:7      | Reached *** piety under Cheibriados
  8259 | D:7      | Noticed Joseph
  8269 | D:7      | Killed Joseph
  8486 | D:7      | Found a shimmering altar of Xom.
  8509 | D:7      | Noticed Blork the orc
  8540 | D:7      | Found a shimmering blue altar of Sif Muna.
  8582 | D:7      | Killed Blork the orc
  8583 | D:7      | Reached skill level 5 in Fighting
  8662 | D:8      | Reached **** piety under Cheibriados
  8677 | D:8      | Reached skill level 1 in Stealth
  8705 | D:8      | Noticed Glokmah's ghost (novice TeAE)
  8706 | D:8      | Noticed a moth of wrath
  8708 | D:8      | Got a pitted leather armour
  8719 | D:8      | Noticed a two-headed ogre
  8729 | D:8      | Reached skill level 1 in Throwing
  8729 | D:8      | Killed a two-headed ogre
  8730 | D:8      | Gained mutation: You are immune to clouds of flame.
                  | [demonic ancestry]
  8730 | D:8      | Reached XP level 10. HP: 41/77 MP: 4/15
  8780 | D:8      | Found a flagged portal.
  8795 | Bailey   | Entered a bailey
  9144 | Bailey   | Noticed an orc sorcerer
  9147 | Bailey   | Found an iron altar of Okawaru.
  9147 | Bailey   | Noticed an orc sorcerer
  9152 | Bailey   | Noticed an orange demon
  9162 | Bailey   | Killed an orc sorcerer
  9164 | Bailey   | Killed an orc sorcerer
  9343 | Bailey   | Acquired a +0 pair of gloves of dexterity
  9361 | Bailey   | Identified the +3 leather armour of Uskayaw's Indignation
                  | {rF+ Str+6} (You found it on level 8 of the Dungeon)
  9379 | Bailey   | Noticed an orc knight
  9389 | Bailey   | Killed an orc knight
  9945 | Bailey   | Reached skill level 1 in Evocations
  9946 | Bailey   | Reached ***** piety under Cheibriados
 10160 | D:8      | Found a transporter.
 10192 | D:8      | Found a transporter.
 10315 | D:8      | Reached XP level 11. HP: 63/87 MP: 11/17
 10520 | D:8      | Killed Glokmah's ghost
 10522 | D:8      | Got a warped ruby amulet
 10529 | D:8      | Identified the amulet "Qaclithy" {RegenMP *Slow MR++ Dex+6}
                  | (You found it on level 8 of the Dungeon)
 11223 | D:9      | Reached skill level 5 in Dodging
 11268 | D:9      | Noticed a two-headed ogre
 11273 | D:9      | Killed a two-headed ogre
 11274 | D:9      | Reached skill level 10 in Invocations
 11896 | D:10     | Entered Level 10 of the Dungeon
 11896 | D:10     | Noticed a seven-headed hydra
 12008 | D:10     | Found a staircase to the Lair.
 12068 | D:10     | Reached ****** piety under Cheibriados
 12422 | D:10     | Found an opulent altar of Gozag.
 12690 | D:11     | Noticed Erolcha
 12706 | D:11     | Killed Erolcha
 12707 | D:11     | Gained mutation: Your demonic aura causes spilled blood to
                  | erupt in flames. [demonic ancestry]
 12707 | D:11     | Reached XP level 12. HP: 74/95 MP: 18/20
 13135 | D:11     | Noticed Snorg
 13143 | D:11     | Killed Snorg
 13474 | D:12     | Found a corrupted altar of Lugonu.
 13474 | D:12     | Noticed a two-headed ogre
 13481 | D:12     | Killed a two-headed ogre
 13545 | D:12     | Noticed a boulder beetle
 13561 | D:12     | Killed a boulder beetle
 13562 | D:12     | Reached skill level 10 in Long Blades
 13660 | D:12     | Found a hazy altar of Hepliaklqana.
 13673 | D:12     | Noticed a death knight
 13684 | D:12     | Killed a death knight
 13936 | D:12     | Got an encrusted scale mail
 13937 | D:12     | Identified the +2 scale mail of Midnight {-Cast rPois Int+4
                  | Dex+9} (You found it on level 12 of the Dungeon)
 13996 | D:12     | Found a staircase to the Orcish Mines.
 14249 | D:13     | Learned a level 4 spell: Airstrike
 14265 | D:13     | Noticed a tengu warrior
 14273 | D:13     | Killed a tengu warrior
 14274 | D:13     | Reached skill level 1 in Spellcasting
 14318 | D:13     | Found a gate leading to a gauntlet.
 14329 | Gauntlet | Entered a Gauntlet
 14329 | Gauntlet | Found a transporter.
 14329 | Gauntlet | Found a transporter.
 14333 | Gauntlet | Found a transporter.
 14333 | Gauntlet | Found a transporter.
 14338 | Gauntlet | Noticed a death yak
 14338 | Gauntlet | Noticed a death yak
 14338 | Gauntlet | Noticed a hell beast
 14339 | Gauntlet | Noticed a death yak
 14339 | Gauntlet | Noticed a death yak
 14340 | Gauntlet | Noticed a death yak
 14344 | Gauntlet | Found a transporter.
 14344 | Gauntlet | Noticed a death yak
 14351 | Gauntlet | Found a transporter.
 14357 | Gauntlet | Noticed a hell beast
 14361 | Gauntlet | Found a transporter.
 14361 | Gauntlet | Found a transporter.
 14367 | Gauntlet | Found a transporter.
 14372 | Gauntlet | Noticed a hell hog
 14396 | Gauntlet | Found a transporter.
 14400 | Gauntlet | Found the +2 shield of Resistance {rF++ rC++ MR++}
 14403 | Gauntlet | Found a transporter.
 14421 | Gauntlet | Noticed a catoblepas
 14449 | Gauntlet | Found a transporter.
 14458 | Gauntlet | Found a transporter.
 14472 | Gauntlet | Found a transporter.
 14573 | Gauntlet | Found a transporter.
 14587 | Gauntlet | Found a transporter.
 14777 | Gauntlet | Killed a catoblepas
 14778 | Gauntlet | Reached skill level 1 in Air Magic
 14786 | Gauntlet | Got a heavily runed copper ring
 14788 | Gauntlet | Identified the ring of Darkness {+Inv rCorr Int-2 Dex+10}
                  | (You found it in a Gauntlet)
 14824 | Gauntlet | Killed a hell beast
 14834 | Gauntlet | Got a coiled wooden ring
 14849 | Gauntlet | Identified the ring "Festruri" {*Drain rElec Dex+8 Slay-2
                  | SInv} (You found it in a Gauntlet)
 14883 | Gauntlet | Killed a hell hog
 14895 | Gauntlet | Got a pair of jewelled boots
 14901 | Gauntlet | Identified the +2 pair of boots of the Cobbler {rN+ Int+8
                  | Dex-4} (You found it in a Gauntlet)
 14909 | Gauntlet | Noticed a minotaur
 14927 | Gauntlet | Killed a minotaur
 14928 | Gauntlet | Reached skill level 5 in Stealth
 14953 | Gauntlet | Got a steaming chain mail
 14965 | Gauntlet | Identified the cursed +0 chain mail of Ostua {+Blink rPois
                  | Int-3 SInv} (You found it in a Gauntlet)
 15084 | D:13     | Noticed a boulder beetle
 15102 | D:13     | Killed a boulder beetle
 15103 | D:13     | Reached XP level 13. HP: 100/102 MP: 21/21
 15294 | D:13     | Acquired 382 gold pieces
 15296 | D:13     | Acquired 771 gold pieces
 15441 | D:13     | You fall into a shaft and drop 2 floors!
 15441 | D:15     | Entered Level 15 of the Dungeon
 17042 | D:15     | Found a roughly hewn altar of Beogh.
 17518 | D:15     | Reached skill level 5 in Spellcasting
 17640 | D:15     | Found a staircase to the Depths.
 17648 | D:15     | Reached XP level 14. HP: 110/111 MP: 23/23
 17910 | D:14     | Noticed Azrael
 17924 | D:14     | Killed Azrael
 18134 | D:14     | Noticed Rupert
 18146 | D:14     | Killed Rupert
 18147 | D:14     | Reached skill level 5 in Air Magic
 18289 | D:14     | Identified Roxanne's Guide on Moulding
 18289 | D:14     | Noticed Roxanne
 18401 | D:14     | Found Guf Poa's Antique Armour Boutique.
 18725 | D:14     | Found a gate to the Vaults.
 18845 | D:13     | Found a glowing golden altar of the Shining One.
 19049 | Lair:1   | Entered Level 1 of the Lair of Beasts
 19302 | Lair:1   | Noticed Harold
 19310 | Lair:1   | Killed Harold
 20069 | D:4      | Bought a potion of experience for 500 gold pieces
 20069 | D:4      | Reached XP level 15. HP: 117/117 MP: 25/25
 21152 | Lair:3   | Found a staircase to the Snake Pit.
 21709 | Lair:3   | Gained mutation: You are completely covered in rugged brown
                  | scales. (AC +3, +7% HP) [demonic ancestry]
 21709 | Lair:3   | Reached XP level 16. HP: 111/128 MP: 2/27
 21834 | Lair:3   | Found a staircase to the Swamp.
 21874 | Lair:3   | Found a blossoming altar of Fedhas.
 22607 | Lair:4   | Learned a level 5 spell: Blade Hands
 23096 | Lair:4   | Found a runed translucent door.
 23099 | Lair:4   | Noticed Mexzic's ghost (journeyman TeCj)
 23646 | Lair:5   | Noticed Kirke
 23654 | Lair:5   | Noticed Sonja
 23666 | Lair:5   | Killed Sonja
 23669 | Lair:5   | Noticed a sphinx
 23670 | Lair:5   | Killed Kirke
 24433 | Lair:6   | Entered Level 6 of the Lair of Beasts
 25052 | Lair:6   | Identified the cursed -2 cloak of Lemes {Harm Str+2 Int+3
                  | Dex-3} (You found it on level 6 of the Lair of Beasts)
 25109 | Lair:6   | Reached skill level 10 in Fighting
 25145 | Lair:6   | Upgraded the game from 0.26-a0-837-g5a8a614f01 to
                  | 0.26-a0-845-gfacbca91cf
 25399 | Lair:6   | Found a runed translucent door.
 25399 | Lair:6   | Found a viscous altar of Jiyva.
 25407 | Lair:6   | Found a staircase to the Slime Pits.
 25832 | Lair:6   | Gained mutation: You have razor-sharp toenails. [demonic
                  | ancestry]
 25832 | Lair:6   | Reached XP level 17. HP: 119/138 MP: 29/29
 26266 | Orc:1    | Entered Level 1 of the Orcish Mines
 26662 | Orc:2    | Entered Level 2 of the Orcish Mines
 26666 | Orc:2    | Found a runed translucent door.
 26672 | Orc:2    | Noticed SyRaX's ghost (journeyman MiBe)
 26765 | Orc:2    | Found a roughly hewn altar of Beogh.
 27010 | Orc:2    | Found Fixzamon's Magic Scroll Shoppe.
 27020 | Orc:2    | Found Ehismoti's Distillery.
 27603 | Orc:2    | Found Pygad's Book Boutique.
 27603 | Orc:2    | Found a one-way gate leading to the halls of Pandemonium.
 27603 | Orc:2    | Found Varuxue's Antique Weapon Shop.
 27652 | Orc:2    | Noticed Donald
 27672 | Orc:2    | Killed Donald
 27998 | Orc:2    | Found a staircase to the Elven Halls.
 28117 | Orc:2    | Killed SyRaX's ghost
 28183 | Orc:2    | Bought a scroll of acquirement for 884 gold pieces
 28183 | Orc:2    | Acquired a book of the Tempests
 28217 | Orc:2    | Learned a level 3 spell: Static Discharge
 28667 | Snake:1  | Entered Level 1 of the Snake Pit
 28686 | Snake:1  | Found Zezeameo's Assorted Antiques.
 28686 | Snake:1  | Found Fiytwy's Book Emporium.
 28687 | Snake:1  | Found Luidy's Book Emporium.
 28691 | Snake:1  | Found Etidog's Assorted Antiques.
 30345 | Snake:2  | Noticed Nikola
 30359 | Snake:2  | Killed Nikola
 30984 | Snake:2  | Noticed Aizul
 30993 | Snake:2  | Killed Aizul
 30994 | Snake:2  | Reached skill level 10 in Spellcasting
 31099 | Snake:2  | Found Rayg's Antique Armour Shop.
 31630 | Snake:3  | Gained mutation: You have claws for feet. [demonic
                  | ancestry]
 31630 | Snake:3  | Reached XP level 18. HP: 120/147 MP: 32/32
 31631 | Snake:3  | Reached skill level 10 in Dodging
 31794 | Snake:3  | Reached skill level 10 in Air Magic
 32121 | Snake:3  | Found Noppyovia's Gadget Shoppe.
 32122 | Snake:3  | Found Xoocol's Jewellery Shop.
 32122 | Snake:3  | Found Impurusm's Jewellery Shop.
 32818 | Snake:4  | Entered Level 4 of the Snake Pit
 35963 | Snake:4  | Gained mutation: You resist negative energy. (rN+) [demonic
                  | ancestry]
 35963 | Snake:4  | Reached XP level 19. HP: 136/157 MP: 34/34
 36285 | Snake:4  | Got a serpentine rune of Zot
 36883 | Vaults:1 | Entered Level 1 of the Vaults
 37032 | Vaults:1 | Found a runed translucent gate.
 37032 | Vaults:1 | Found an ancient bone altar of Kikubaaqudgha.
 37032 | Vaults:1 | Noticed Qeott's ghost (adept GnCj)
 37032 | Vaults:1 | Noticed an ancient lich
 37032 | Vaults:1 | Noticed Erghig's ghost (adept DrIE)
 37032 | Vaults:1 | Noticed an ancient lich
 37033 | Vaults:1 | Found a runed translucent gate.
 37033 | Vaults:1 | Found a runed translucent gate.
 37033 | Vaults:1 | Noticed a lich
 37089 | Vaults:1 | Identified the +8 shortbow of the Lettuce {flame, Str+3
                  | SInv}
 37759 | Vaults:1 | Killed an ancient lich
 37762 | Vaults:1 | Killed a lich
 37779 | Vaults:1 | Killed an ancient lich
 38527 | Vaults:2 | Found a shimmering blue altar of Sif Muna.
 39603 | Vaults:3 | Gained mutation: You are somewhat able to resist unholy
                  | torments (1 in 2 success). [demonic ancestry]
 39603 | Vaults:3 | Reached XP level 20. HP: 119/166 MP: 36/36
 40793 | Vaults:3 | Found a staircase to the Crypt.
 41388 | Vaults:3 | Noticed Xtahua
 41402 | Vaults:3 | Killed Xtahua
 42405 | Vaults:4 | Reached skill level 15 in Long Blades
 42450 | Vaults:4 | Reached XP level 21. HP: 163/175 MP: 38/38
 44070 | Vaults:1 | Killed Erghig's ghost
 44078 | Vaults:1 | Killed Qeott's ghost
 44087 | Vaults:1 | Identified Kikubaaqudgha's Disquisition on Necromancy
 44094 | Vaults:1 | Identified the +2 pair of gloves of Somewhere Else {rPois}
                  | (You found it on level 1 of the Vaults)
 44106 | Vaults:1 | Identified the ring of Psychosis {rF+ Str-4 Int+6 Slay+5
                  | SInv} (You found it on level 1 of the Vaults)
 44116 | Vaults:1 | Acquired the +9 sword of Zonguldrok {reap}
 44117 | Vaults:1 | Found the +9 sword of Zonguldrok {reap}
 44338 | Elf:1    | Entered Level 1 of the Elven Halls
 44592 | Elf:1    | Identified the ring "Voedu" {Dex+6 SInv} (You found it on
                  | level 1 of the Elven Halls)
 44664 | Elf:1    | Found Sofoc's Distillery.
 44677 | Elf:1    | Found Nipnop's Gadget Shop.
 44688 | Elf:1    | Bought a potion of heal wounds for 70 gold pieces
 44688 | Elf:1    | Bought a potion of heal wounds for 70 gold pieces
 44688 | Elf:1    | Bought a potion of heal wounds for 70 gold pieces
 44688 | Elf:1    | Bought a potion of heal wounds for 70 gold pieces
 44688 | Elf:1    | Bought a potion of curing for 42 gold pieces
 44688 | Elf:1    | Bought a potion of curing for 42 gold pieces
 44688 | Elf:1    | Bought a potion of curing for 42 gold pieces
 44688 | Elf:1    | Bought a potion of curing for 42 gold pieces
 44688 | Elf:1    | Bought a potion of curing for 42 gold pieces
 44688 | Elf:1    | Bought a potion of curing for 42 gold pieces
 45426 | Elf:2    | Found Vexi's Elven Fire.
 45977 | Elf:2    | Found a runed translucent gate.
 45977 | Elf:2    | Found a runed translucent gate.
 45977 | Elf:2    | Found a runed translucent gate.
 46062 | Elf:2    | Acquired 956 gold pieces
 47308 | Elf:2    | Gained mutation: A demonic guardian rushes to your aid.
                  | [demonic ancestry]
 47308 | Elf:2    | Reached XP level 22. HP: 169/186 MP: 36/40
 47404 | Elf:2    | Found a runed translucent gate.
 47404 | Elf:2    | Found a runed translucent gate.
 47404 | Elf:2    | Found a runed translucent gate.
 47446 | Elf:2    | Found a runed translucent gate.
 47446 | Elf:2    | Found a runed translucent gate.
 47447 | Elf:2    | Noticed Vohiat's ghost (adept DsIE)
 47451 | Elf:2    | Found a runed translucent gate.
 47489 | Elf:3    | Entered Level 3 of the Elven Halls
 47603 | Elf:3    | Found a runed translucent gate.
 47605 | Elf:3    | Found a runed translucent gate.
 47605 | Elf:3    | Found an opulent altar of Gozag.
 47606 | Elf:3    | Found a runed translucent gate.
 47607 | Elf:3    | Noticed Zawski's ghost (adept HOBe)
 47609 | Elf:3    | Found Qerozoh's Assorted Antiques.
 47630 | Elf:3    | Killed Zawski's ghost
 47788 | Elf:3    | Bought a scroll of acquirement for 1404 gold pieces
 47788 | Elf:3    | Acquired a manual of Transmutations
 47855 | Elf:3    | Found a radiant altar of Vehumet.
 47882 | Elf:3    | Reached skill level 1 in Transmutations
 48159 | Elf:3    | Reached skill level 15 in Fighting
 48281 | Elf:3    | Noticed Mara
 48283 | Elf:3    | Noticed Morbidden's illusion
 48295 | Elf:3    | HP: 6/187 [Morbidden's illusion (illusionary)/the air[Mara]
                  | (35)]
 48296 | Elf:3    | Killed Mara
 48300 | Elf:3    | HP: 6/187 [poisoned by Mara]
 48305 | Elf:3    | HP: 4/187 [poisoned by Mara]
 48310 | Elf:3    | HP: 3/187 [poisoned by Mara]
 48316 | Elf:3    | HP: 3/187 [poisoned by Mara]
 48321 | Elf:3    | HP: 3/187 [poisoned by Mara]
 48329 | Elf:3    | HP: 4/187 [poisoned by Mara]
 48339 | Elf:3    | HP: 6/187 [poisoned by Mara]
 48345 | Elf:3    | HP: 7/187 [poisoned by Mara]
 48351 | Elf:3    | HP: 9/187 [poisoned by Mara]
 48999 | Elf:3    | Noticed Asterion
 49006 | Elf:3    | Killed Asterion
 49126 | Elf:3    | Identified the +1 mace of the Equator {venom, rF++ Str+4
                  | Dex-3}
 49649 | Elf:3    | Identified the +10 short sword of the Spider Nest {vorpal,
                  | MR+ Str+3}
 49649 | Elf:3    | Identified the +0 buckler "Wek Alut" {rPois MR+ Int-5}
 49787 | Elf:3    | Reached skill level 5 in Throwing
 50062 | Elf:3    | Identified the +1 triple crossbow "Cohybo" {elec, rPois
                  | MR++} (You found it on level 3 of the Elven Halls)
 50065 | Elf:3    | Identified Hoahap's Grimoire of Translocation
 50070 | Elf:3    | Identified the cursed +1 plate armour "Afaor" {rElec Regen+
                  | rCorr MP-9} (You found it on level 3 of the Elven Halls)
 50244 | Elf:3    | Identified the Collected Works on the Shifting Blaze
 50423 | Elf:3    | Identified the ring "Inyi" {+Fly rPois rF+ Str+6 Stlth-}
 50650 | Elf:3    | Identified the cursed +2 morningstar of Salt {flame, Int+3
                  | SInv}
 51105 | Swamp:1  | Entered Level 1 of the Swamp
 51240 | Swamp:1  | Reached skill level 15 in Spellcasting
 53024 | Swamp:3  | Reached skill level 15 in Air Magic
 53450 | Swamp:3  | Reached skill level 5 in Transmutations
 53962 | Swamp:4  | Entered Level 4 of the Swamp
 54029 | Swamp:4  | Reached XP level 23. HP: 193/193 MP: 26/42
 54854 | Swamp:4  | Noticed the 27-headed Lernaean hydra
 54857 | Swamp:4  | Killed the 27-headed Lernaean hydra
 54946 | Swamp:4  | Got a decaying rune of Zot
 55711 | Depths:1 | Entered Level 1 of the Depths
 57296 | Depths:1 | Found a gateway to Hell.
 57411 | Depths:2 | Found a huge runed gate.
 57411 | Depths:2 | Found a huge runed gate.
 57412 | Depths:2 | Found a one-way gate to the infinite horrors of the Abyss.
 57412 | Depths:2 | Found a huge runed gate.
 57421 | Depths:2 | Found a huge runed gate.
 57421 | Depths:2 | Found a huge runed gate.
 57421 | Depths:2 | Found a huge runed gate.
 57421 | Depths:2 | Found a huge runed gate.
 57429 | Depths:2 | Found a huge runed gate.
 57429 | Depths:2 | Found a huge runed gate.
 57429 | Depths:2 | Found a huge runed gate.
 57429 | Depths:2 | Found a huge runed gate.
 57429 | Depths:2 | Found a huge runed gate.
 57429 | Depths:2 | Found a huge runed gate.
 57430 | Depths:2 | Found a huge runed gate.
 57431 | Depths:2 | Found a huge runed gate.
 57530 | Depths:2 | Noticed a caustic shrike
 57541 | Depths:2 | Killed a caustic shrike
 57744 | Depths:2 | Found Piampuv's Distillery.
 58397 | Depths:2 | Got a brightly glowing jade ring
 58398 | Depths:2 | Identified the ring of Mirth {Fire +Fly Str+4 Dex+5} (You
                  | found it on level 2 of the Depths)
 58745 | Depths:3 | Gained mutation: Your melee attacks may debilitate your
                  | foes. [demonic ancestry]
 58745 | Depths:3 | Reached XP level 24. HP: 201/204 MP: 43/43
 58806 | Depths:3 | Learned a level 9 spell: Tornado
 58885 | Depths:3 | Found a gateway to a ziggurat.
 58940 | Depths:3 | Noticed Jory
 58962 | Depths:3 | Killed Jory
 59703 | Depths:3 | Reached skill level 15 in Shields
 60011 | Depths:3 | Paralysed by a floating eye for 3 turns
 60023 | Depths:3 | Paralysed by a floating eye for 4 turns
 60280 | Depths:3 | Noticed a juggernaut
 60305 | Depths:3 | Killed a juggernaut
 60330 | Depths:3 | Identified the cursed +3 hand axe of Supply {freeze, Int+2}
 60702 | Depths:3 | Noticed Saint Roka
 60714 | Depths:3 | Killed Saint Roka
 62068 | Depths:4 | Found a corrupted altar of Lugonu.
 62154 | Depths:4 | Noticed a juggernaut
 62168 | Depths:4 | Killed a juggernaut
 62570 | Depths:4 | Identified the cursed +0 chain mail of Foolhardiness {rC+
                  | rCorr Str+2} (You found it on level 4 of the Depths)
 62628 | Depths:4 | Gained mutation: A powerful demonic guardian rushes to your
                  | aid. [demonic ancestry]
 62628 | Depths:4 | Reached XP level 25. HP: 207/212 MP: 44/44
 62733 | Depths:4 | Reached skill level 10 in Transmutations
 63016 | Depths:5 | Entered Level 5 of the Depths
 64116 | Depths:5 | Noticed a juggernaut
 64152 | Depths:5 | Killed a juggernaut
 64569 | Depths:5 | Cast into level 3 of the Abyss (yellow draconian)
 64569 | Abyss:3  | Found a corrupted altar of Lugonu.
 64805 | Abyss:3  | Paralysed by a floating eye for 2 turns
 64814 | Abyss:3  | Got an abyssal rune of Zot
 64909 | Abyss:4  | Gained mutation: You occasionally shout uncontrollably at
                  | your foes. [a neqoxec]
 64915 | Abyss:4  | Gained mutation: You are occasionally teleported next to
                  | monsters. [a neqoxec]
 64917 | Abyss:4  | Gained mutation: Your body sometimes deteriorates upon
                  | taking damage. [a neqoxec]
 64930 | Depths:5 | Escaped the Abyss
 65443 | Depths:5 | Found a gate to the Realm of Zot.
 65920 | Crypt:1  | Entered Level 1 of the Crypt
 66179 | Crypt:1  | Reached skill level 15 in Dodging
 66534 | Crypt:1  | Lost mutation: You are occasionally teleported next to
                  | monsters. [potion of mutation]
 66534 | Crypt:1  | Gained mutation: Scrolls take you a little longer to read.
                  | [potion of mutation]
 66534 | Crypt:1  | Gained mutation: You are agile. (Dex +2) [potion of
                  | mutation]
 66535 | Crypt:1  | Lost mutation: Your body sometimes deteriorates upon taking
                  | damage. [potion of mutation]
 66535 | Crypt:1  | Lost mutation: Scrolls take you a little longer to read.
                  | [potion of mutation]
 66535 | Crypt:1  | Lost mutation: You occasionally shout uncontrollably at
                  | your foes. [potion of mutation]
 66535 | Crypt:1  | Lost mutation: You are agile. (Dex +2) [potion of mutation]
 66535 | Crypt:1  | Gained mutation: You passively map a small area around you.
                  | [potion of mutation]
 66535 | Crypt:1  | Gained mutation: Your mind is acute. (Int +2) [potion of
                  | mutation]
 66842 | Crypt:1  | Acquired 904 gold pieces
 67788 | Crypt:2  | Reached XP level 26. HP: 224/224 MP: 33/44
 68274 | Crypt:3  | Entered Level 3 of the Crypt
 68920 | Crypt:3  | HP: 9/225 [ancient champion/iron shot (36)]
 69945 | Crypt:3  | Found a staircase to the Tomb.
 70328 | Crypt:3  | Found an ancient bone altar of Kikubaaqudgha.
 70331 | Crypt:3  | Found a basalt altar of Yredelemnul.
 70340 | Crypt:3  | Got a fine bone ring
 70341 | Crypt:3  | Identified the ring "Yhujohis" {rN+ Str+4 Dex+2} (You found
                  | it on level 3 of the Crypt)
 70342 | Crypt:3  | Identified the ring "Vobluush" {rN+ Str+2 Int+3} (You found
                  | it on level 3 of the Crypt)
 70370 | Crypt:3  | Found the +7 great mace "Undeadhunter" {disrupt, rN+}
 70377 | Crypt:3  | Identified the ring "Loixkafa" {rF+ rN+ SInv} (You found it
                  | on level 3 of the Crypt)
 70924 | Vaults:5 | Entered Level 5 of the Vaults
 70942 | Vaults:5 | Noticed an ancient lich
 71600 | Vaults:4 | Killed an ancient lich
 71601 | Vaults:4 | Reached skill level 10 in Armour
 71889 | Vaults:5 | Noticed an ancient lich
 71902 | Vaults:5 | Killed an ancient lich
 72121 | Vaults:5 | Reached XP level 27. HP: 135/232 MP: 45/45
 72385 | Vaults:5 | Identified the ring "Oreagga" {Int+3 Stlth+}
 72992 | Vaults:5 | Found the +3 Elemental Staff {rElec rF++ rC++ MR++ AC+5}
 73216 | Vaults:5 | Identified the Handbook of Stolen Souls
 73230 | Vaults:5 | Identified Paredel's Guide on Toxins and Evil Rituals
 73371 | Vaults:5 | Noticed Sojobo
 73377 | Vaults:5 | Killed Sojobo
 73401 | Vaults:5 | Identified the +1 leather armour "Nuhulecs" {MR+}
 73752 | Vaults:5 | Got a silver rune of Zot
 74330 | Hell     | Entered the Vestibule of Hell
 74330 | Hell     | Noticed Geryon
 74353 | Hell     | Gained mutation: You are frail. (-10% HP) [mutagenic glow]
 74358 | Hell     | Found a gateway to the Iron City of Dis.
 74362 | Hell     | Found a gateway to the ashen valley of Gehenna.
 75369 | Hell     | Killed Geryon
 75745 | Hell     | Found a gateway to the freezing wastes of Cocytus.
 75863 | Hell     | Found a gateway to the decaying netherworld of Tartarus.
 76059 | Zot:1    | Entered Level 1 of the Realm of Zot
 76538 | Zot:1    | Identified the +2 pair of gloves "Vagoulae" {rN++} (You
                  | found it on level 1 of the Realm of Zot)
 81435 | Zot:5    | Entered Level 5 of the Realm of Zot
 81940 | Zot:5    | Noticed an ancient lich
 81954 | Zot:5    | Noticed an ancient lich
 81963 | Zot:5    | Killed an ancient lich
 82105 | Zot:5    | Noticed an orb of fire
 82106 | Zot:5    | Gained mutation: Armour fits poorly on your strangely
                  | shaped body. [an orb of fire]
 82112 | Zot:5    | Gained mutation: You are covered in fur. (AC +1) [an orb of
                  | fire]
 82113 | Zot:5    | Killed an orb of fire
 82203 | Zot:5    | Noticed an orb of fire
 82206 | Zot:5    | Noticed an orb of fire
 82208 | Zot:5    | Gained mutation: You are clumsy. (Dex -2) [an orb of fire]
 82213 | Zot:5    | Killed an orb of fire
 82224 | Zot:5    | Killed an orb of fire
 82715 | Zot:4    | Upgraded the game from 0.26-a0-845-gfacbca91cf to
                  | 0.26-a0-849-gf1512cd430
 82987 | Geh:1    | Entered Level 1 of Gehenna
 85882 | Geh:6    | HP: 9/215 [Brimstone Fiend/damnation[the effects of Hell]
                  | (36)]
 86008 | Geh:6    | Killed from afar by a Brimstone Fiend

Illustrated notes

Levels and vault maps discovered:
D:1:      minmay_arrival_five_plusses, layout_basic
D:2:      layout_basic
D:3:      layout_loops_cross, cheibrodos_sewer_entry_drain, hex_large
D:4:      layout_basic, makhleb_altar_promises_db, marbit_many_paths,
          evilmike_ruin_ashenzari, kennysheep_mini,
          minmay_temple_entry_junction, serial_shops, shop,
          nicolae_shop_behind_doors, shop, minmay_misc_feat_tiny,
          kennysheep_slug_shrine
D:5:      cheibrodos_quashed, layout_layer_cave, gammafunk_ghost_hive,
          serial_undead, serial_undead_f, serial_undead_a, serial_undead_b,
          serial_undead_d, kennysheep_potato
D:6:      layout_loops_ring, kennysheep_mini_moat, water_maze_lemuel,
          uniq_grinder, uniq_edmund
D:7:      layout_gridville, tgw_sif, overflow_temple_1_default,
          lightli_minifort, uniq_joseph
D:8:      wad_woods_minihive, layout_rooms, gammafunk_ghost_berserking_beasts,
          enter_bailey_3, minmay_misc_feat_five, grunt_tough_drop
D:9:      layout_stronghold
D:10:     layout_roguey, due_lair_maze_entry_diamond,
          nicolae_gozag_cash_rules_everything_around_me
D:11:     layout_grid_maze, uniq_snorg, uniq_erolcha
D:12:     layout_stronghold, orc_0_dummy, basic_altar, tgw_lugonu_bribe
D:13:     layout_small_grid, gauntlet_entry_generic, kennysheep_donut,
          minmay_crystal_water, minivault_4, nicolae_tso_carved_into_rock
D:14:     layout_roguey, david_vaults_5, serial_shops, nicolae_shop_waterfront,
          uniq_roxanne, uniq_rupert, uniq_azrael
D:15:     gammafunk_enter_depths_forms, layout_grid_maze,
          chequers_decorated_corner, special_room [special_room_orc]
Lair:1:   layout_misc_corridors, grunt_megastairs_4, uniq_harold
Lair:2:   layout_chaotic_city, zaba_antful_of_joy, grunt_megastairs_5
Lair:3:   layout_gridlike, palyth_hydra_swamp_entry,
          minmay_snake_entry_guardpost_medium, lemuel_oklob_altar,
          infiniplex_staircase_pool
Lair:4:   layout_regular_city, hellmonk_ghost_happy_afterlife, minivault_27,
          minivault_26, wad_woods_river_04
Lair:5:   layout_cave_shapes, minivault_23, uniq_sonja, uniq_kirke
Lair:6:   gammafunk_lair_ancient_temple, layout_cave_pods, slime_altar_2,
          special_room [special_room_mythical_zoo]
Swamp:1:  layout_basic_swamp, evilmike_swamp_ruin_house_3
Swamp:2:  layout_basic_swamp, nicolae_swamp_feature_on_the_river_bank,
          swamp_pool1, grunt_lady_of_the_lake
Swamp:3:  layout_basic_swamp, serial_swamp_ruin, evilmike_swamp_ruin_house_4,
          hangedman_swamp_ruin_hall, swamp_pool4, nicolae_swamp_stair_fork
Swamp:4:  swamp_old_school, layout_basic_swamp, swamp_pool4
Snake:1:  hangedman_cross_veins, layout_honeycomb, minmay_shoptagon
Snake:2:  layout_basic, serial_shops, shop_statue, st_stairs_3,
          grunt_ministairs_15, uniq_nikola, uniq_aizul
Snake:3:  layout_basic, st_stairs_11, minmay_shop_grove
Snake:4:  grunt_snake_rune_serpentine_throne, layout_layer_cave,
          serial_bayou_lagoon_a, drop_trap, grunt_megastairs_3
Orc:1:    layout_caves
Orc:2:    pf_orc_diabolical, layout_caves, ebering_ghost_inner_flame,
          small_statue_alley_c, minmay_orc_temple_a, uniq_donald
Elf:1:    layout_geoelf_diagonals, hangedman_elf_disciples, minmay_shop_star
Elf:2:    layout_geoelf_octagon, ploomutoo_gammafunk_ghost_potion_laboratory,
          amethyst_killhole, guppyfry_elf_lava
Elf:3:    grunt_elf_hall_diamonds, layout_geoelf_castle, basic_altar,
          ebering_ghost_gozag, nicolae_elf_m_pinch, uniq_asterion, uniq_mara
Vaults:1: gammafunk_vaults_ghost_crypt, hangedman_vaults_pinch,
          vaults_room_octagon, hangedman_vaults_corner_blocks, serial_ice_h,
          serial_ice_b, v_misc_18, grunt_vaults_twisty,
          ontoclasm_vaults_loading_screen, layout_vaults_ring
Vaults:2: nicolae_vaults_ring_of_whatevers, nicolae_vaults_circle_grid_b,
          nicolae_vaults_circle_grid_b, v_misc_32, v_misc_23,
          nicolae_vaults_little_squares_6, grunt_vaults_funnel, v_misc_14,
          vaults_room_door_ring, layout_vaults_omnigrid, basic_altar
Vaults:3: minmay_crypt_entry_simple_statues, v_misc_12, vaults_room_door_ring,
          nicolae_vaults_little_ls, ontoclasm_vaults_bender,
          nicolae_vaults_an_arrangement, hangedman_vaults_variations,
          vaults_standard_mumra_enter_the_diamond, grunt_vaults_hallway_short,
          v_pattern_2, vaults_dpeg_hooks, layout_vaults_omnicross, uniq_xtahua
Vaults:4: nicolae_vaults_asterisk, v_misc_28, serial_ice_m,
          hangedman_vaults_hat, nicolae_vaults_disjoint_gnomons,
          nicolae_vaults_windows_and_doors_thing,
          nicolae_vaults_border_crossing, nicolae_vaults_little_squares_5,
          vaults_mumra_hexcomb, ontoclasm_vaults_ring_large,
          ontoclasm_vaults_misaligned, ontoclasm_vaults_ring_small, v_misc_8,
          vaults_mumra_lcd, layout_vaults_omnibox
Vaults:5: uniq_sojobo
Crypt:1:  layout_chaotic_city
Crypt:2:  layout_chaotic_city, item_on_display_a
Crypt:3:  lightli_unholy_cathedral, layout_chaotic_city,
          tomb_entry_sphere_bobbens
Depths:1: layout_honeycomb, lightli_too_deep, minmay_misc_feat_tower,
          chequers_serial_rivers_marsh, minmay_misc_feat_hallway, drop_trap,
          minmay_fractal_squares_gapless_7
Depths:2: evilmike_inaccessible_box, layout_basic, abyss_entry, serial_shops,
          nicolae_shop_window_shopping, hell_entry, door_vault
Depths:3: grunt_runaround [grunt_runaround_doors_1, grunt_runaround_doors_2,
          grunt_runaround_doors_3, grunt_runaround_doors_4,
          grunt_runaround_loot], pan_entry, hell_entry, uniq_jory,
          uniq_saint_roka
Depths:4: minmay_shrinking_squares, layout_cave_pools, grunt_pan_entry_spiral,
          abyss_entry_flame_altar, hell_entry, fountainhead
Depths:5: grunt_zot_entry_hairpin, layout_cave_shapes,
          hangedman_decor_slide_cut, rand_demon_pan_entry_8, hell_entry,
          serial_column_ruins, column_ruins_corridor_T, column_ruins_grid_1,
          column_ruins_corridor_corner, column_ruins_open_small_water,
          column_ruins_open_medium, minmay_checkered_concentric_circles,
          serial_bayou_shore_b, serial_bayou_shore_b
Hell
Geh:1:    layout_gehenna_pools_box, lemuel_hellion_isle
Geh:2:    layout_gehenna_lava_caves
Geh:3:    layout_gehenna_pools_box
Geh:4:    layout_gehenna_pools_basic, hangedman_hellfire_club
Geh:5:    layout_gehenna_lava_caves, nicolae_geh_amphitheater
Geh:6:    layout_gehenna_pools_box
Zot:1:    layout_basic
Zot:2:    layout_cathedral_of_symmetry
Zot:3:    layout_concentric_octagons
Zot:4:    layout_basic, grunt_ministairs_14
Zot:5:    layout_twisted_circle

Skill      XL: |  1  2  3  4  5  6  7  8  9 10 11 12 13 14 15 16 17 18 19 20 21 22 23 24 25 26 27 |
---------------+----------------------------------------------------------------------------------+-----
Long Blades    | 2 3 4 6 7 8 9 10 11 12 13 14 15 16 | 16.9
Armour         | 3 4 5 6 7 8 9 10 11 | 11.9
Shields        | 3 4 5 7 8 9 11 12 13 14 15 16 18 | 18.2
Dodging        | 1 2 3 4 5 6 7 9 10 11 12 13 14 15 | 15.1
Invocations    | 1 3 5 7 9 10 11 12 | 12.5
Fighting       | 4 5 6 7 8 9 10 11 12 13 14 15 16 17 18 19 | 19.2
Stealth        | 1 3 5 6 7 8 9 |  9.4
Throwing       | 1 2 3 4 5 6 7 8 9 |  9.3
Evocations     | 1 2 |  2.5
Spellcasting   | 2 5 6 7 8 10 11 12 13 14 15 16 17 18 21 | 21.4
Air Magic      | 1 4 5 6 8 9 11 12 13 14 15 16 17 19 21 | 21.6
Transmutations | 5 7 9 11 | 11.6
Conjurations   | |  0.5

Action                   |  1- 3 |  4- 6 |  7- 9 | 10-12 | 13-15 | 16-18 | 19-21 | 22-24 | 25-27 || total
-------------------------+-------+-------+-------+-------+-------+-------+-------+-------+-------++-------
Melee: Long sword        |   115 |   134 |   259 |   428 |   124 |       |       |       |       ||  1060
       Kick              |       |    28 |   131 |   264 |       |   180 |   548 |   519 |  1312 ||  2982
       Demon blade       |       |       |       |       |   414 |  1007 |   738 |       |  1639 ||  3798
       Double sword      |       |       |       |       |       |       |   126 |   800 |   278 ||  1204
       Unarmed           |       |       |       |       |       |       |       |     3 |       ||     3
Throw: Dart              |       |       |    20 |    15 |     7 |       |       |       |       ||    42
       Boomerang         |       |       |       |    16 |    19 |   123 |    32 |   104 |   101 ||   395
       Javelin           |       |       |       |       |       |     6 |       |    42 |    37 ||    85
 Cast: Airstrike         |       |       |       |       |    27 |   138 |   176 |   318 |   385 ||  1044
       Static Discharge  |       |       |       |       |       |     6 |     1 |       |       ||     7
       Blade Hands       |       |       |       |       |       |       |       |     1 |       ||     1
       Tornado           |       |       |       |       |       |       |       |       |    10 ||    10
Invok: Slouch            |       |       |     2 |     5 |     4 |     9 |       |     5 |    19 ||    44
       Step From Time    |       |       |       |       |       |       |       |     2 |       ||     2
 Abil: Evoke Flight      |       |       |     2 |       |       |       |       |       |       ||     2
       Stop Flying       |       |       |     1 |       |       |       |       |       |       ||     1
Evoke: Wand              |       |       |     2 |     4 |       |     1 |     1 |     2 |     2 ||    12
       Tin of tremorston |       |       |       |       |       |     1 |       |     2 |     4 ||     7
       Condenser vane    |       |       |       |       |       |       |       |     4 |     1 ||     5
       Phantom mirror    |       |       |       |       |       |       |       |     1 |       ||     1
  Use: Scroll            |       |     5 |     8 |    14 |     5 |    22 |    10 |    12 |    30 ||   106
       Potion            |       |     3 |       |     8 |     2 |     1 |     1 |     3 |    11 ||    29
 Stab: Sleeping          |       |       |       |    14 |    11 |    13 |    15 |     8 |     8 ||    69
       Distracted        |       |       |       |     3 |    10 |    11 |    11 |    14 |    14 ||    63
       Confused          |       |       |       |       |       |       |       |     2 |       ||     2
Armor: Scale mail        |    50 |    57 |   100 |    20 |       |       |       |       |       ||   227
       Skin              |       |       |       |   113 |       |       |       |       |       ||   113
       Leather armour    |       |       |       |   177 |   123 |   177 |    98 |    25 |       ||   600
       Swamp dragon scal |       |       |       |       |       |       |       |   106 |    94 ||   200
       Gold dragon scale |       |       |       |       |       |       |       |       |   406 ||   406
Dodge: Dodged            |    33 |    50 |    77 |   275 |   212 |   566 |   488 |   602 |  1003 ||  3306
Block: Kite shield       |    58 |    79 |   173 |   447 |   403 |   886 |   729 |   772 |  1595 ||  5142
       Rpst.: Long sword |    14 |     9 |    18 |    76 |     7 |       |       |       |       ||   124
       Demon blade       |       |       |       |       |    50 |   123 |    62 |       |   156 ||   391
       Double sword      |       |       |       |       |       |       |    21 |    87 |    30 ||   138

Table legend: (Time is in decaauts)
 A = Elapsed time spent in this place.
 B = Non-inter-level travel time spent in this place.
 C = Inter-level travel time spent in this place.
 D = Time resting spent in this place.
 E = Time spent auto-exploring this place.
 F = Levels seen in this place.
 G = Mean time per level.
                   A        B        C        D        E       F      G
               +--------+--------+--------+--------+--------+-----+--------+
         Total | 121815 | 113093 |   8722 |  11158 |  81578 |  64 | 1903.4 |
       Dungeon |  25398 |  22406 |   2992 |    827 |  17555 |  15 | 1693.2 |
          Lair |  11796 |  10361 |   1435 |    219 |   8603 |   6 | 1966.0 |
         Swamp |   6802 |   6431 |    371 |    318 |   5444 |   4 | 1700.5 |
     Snake Pit |  11363 |  10934 |    429 |   1278 |   8136 |   4 | 2840.8 |
  Orcish Mines |   3402 |   3032 |    370 |    348 |   2108 |   2 | 1701.0 |
   Elven Halls |   8919 |   8683 |    236 |   1382 |   5785 |   3 | 2973.0 |
        Vaults |  15289 |  14288 |   1001 |   1241 |  10207 |   5 | 3057.8 |
         Crypt |   6643 |   6378 |    265 |    642 |   4629 |   3 | 2214.3 |
        Depths |  13603 |  12583 |   1020 |   1760 |   8521 |   5 | 2720.6 |
          Hell |   2678 |   2624 |     54 |   1218 |   1099 |   1 | 2678.0 |
       Gehenna |   2212 |   2200 |     12 |    564 |    561 |   6 |  368.7 |
           Zot |   9897 |   9364 |    533 |    608 |   7677 |   5 | 1979.4 |
         Abyss |    543 |    543 |      0 |      0 |    252 |   2 |  271.5 |
         Sewer |    324 |    324 |      0 |      0 |    265 |   1 |  324.0 |
        Bailey |   1633 |   1633 |      0 |    751 |     83 |   1 | 1633.0 |
      Gauntlet |   1306 |   1306 |      0 |      0 |    648 |   1 | 1306.0 |
               +--------+--------+--------+--------+--------+-----+--------+

Top non-repeatable levels by time:
 Snake:4: 5154 daAuts
   Elf:3: 4397 daAuts
    D:15: 4154 daAuts
Vaults:4: 3788 daAuts
Vaults:3: 3749 daAuts
Depths:3: 3691 daAuts
Depths:5: 3236 daAuts
Vaults:5: 3219 daAuts
   Elf:2: 2809 daAuts
 Crypt:3: 2721 daAuts
    Hell: 2678 daAuts
Depths:1: 2634 daAuts
  Lair:3: 2545 daAuts
  Lair:6: 2536 daAuts
     D:5: 2472 daAuts
